 Dungeon Crawl Stone Soup version 0.29.0-4-gdea44cf6ec (webtiles) character file.

Game seed: 6234847378920946361

10525 qw the Brawler (level 11, -6/107 HPs)
             Began as a Troll Cinder Acolyte on Aug 30, 2022.
             Was a Believer of Ignis.
             Mangled by a tentacled starspawn (20 damage)
             ... on level 2 of the Abyss.
             The game lasted 00:04:46 (8638 turns).

qw the Brawler (Troll Cinder Acolyte)               Turns: 8638, Time: 00:04:46

Health: -6/107     AC: 17    Str: 28    XL:     11   Next: 37%
Magic:  7/7        EV: 13    Int: 10    God:    Ignis [**....]
Gold:   579        SH:  0    Dex:  5    Spells: 12/12 levels left

rFire   + . .      SeeInvis .     - Unarmed
rCold   . . .      Faith    .   (no shield)
rNeg    . . .      Spirit   .   i - +2 steam dragon scales
rPois   .          Reflect  .   (helmet restricted)
rElec   .          Harm     .   g - +0 cloak
rCorr   +          Rampage  .   (gloves unavailable)
Will    .....                   (boots unavailable)
Stlth   +.........              (no amulet)
HPRegen 0.00/turn               l - ring of resist corrosion
MPRegen 0.10/turn               h - +4 ring of evasion

@: about to teleport, sick, fiery-armoured, unable to drink
A: large, unfitting armour, claws 3, regeneration 1, shaggy fur 1, tough skin 1,
[low MP 3], [inability to drink after injury 2]
a: Renounce Religion, Fiery Armour, Foxfire Swarm, Rising Flame


You were on level 2 of the Abyss.
You worshipped Ignis.
Ignis was pleased with you.
You visited 1 branch of the dungeon, and saw 9 of its levels.
You visited the Abyss 1 time.
You also visited: Ossuary.

You collected 651 gold pieces.
You spent 72 gold pieces at shops.


Innate Abilities, Weirdness & Mutations

You are too large for most types of armour.
You have claws for hands.
Your natural rate of healing is unusually fast.
You are covered in fur. (AC +1)
You have tough skin. (AC +1)
[Your magical capacity is extremely low. (-30% MP)]
[You sometimes lose the ability to drink potions when taking damage.]


   Skills:
 + Level 6.4 Fighting
 - Level 2.1 Throwing
 - Level 2.0 Armour
 - Level 1.1 Dodging
 - Level 16.0 Unarmed Combat
 - Level 1.0 Spellcasting
 - Level 2.1 Fire Magic


You had 12 spell levels left.
You didn't know any spells.
Your spell library contained the following spells:

 Spells                   Type           Power      Damage    Failure   Level
 Scorch                   Fire           8%         2d5       22%         2

Inventory:

Missiles
 j - a boomerang (quivered)
Armour
 g - a +0 cloak (worn)
 i - +2 steam dragon scales (worn)
Jewellery
 h - a +4 ring of evasion (right claw)
 l - a ring of resist corrosion (left claw)
Scrolls
 a - a scroll of enchant weapon
 b - 4 scrolls of teleportation
 d - 4 scrolls of identify
Potions
 e - 2 potions of haste
 f - 2 potions of might
 k - a potion of heal wounds
 o - a potion of cancellation

Dungeon Overview and Level Annotations

Branches:
Dungeon (9/15)             Temple (0/1) D:5             Orc (0/2) D:9
Ossuary (visited)
   Lair: D:8-11

Altars:
Makhleb
Qazlal
Sif Muna
Uskayaw
Wu Jian
Yredelemnul
Zin

Shops:
D:1 (   D:6 *

Annotations:
D:8 1 runed translucent door, qw's ghost, novice TeWr
D:9 Psyche


Message History

The ancient zyme is burned by your cloak of flames.
The ancient zyme is lightly damaged.
The ancient zyme hits you but does no damage.
The ancient zyme is burned by your cloak of flames.
The ancient zyme is moderately damaged.
The wretched star glows turbulently.
The lance of force hits you!
You are knocked back by the lance of force.
8628 ||| Stepping ~*~*~tactically~*~*~ (hiding).
A tentacled starspawn comes into view.
A raiju comes into view.
A large abomination comes into view.
8630 ||| Stepping ~*~*~tactically~*~*~ (stealth).
8631 ||| READING 5 scrolls of teleportation.
As you read the scroll of teleportation, it crumbles to dust.
You feel strangely unstable.
You feel the power of the Abyss delaying your translocation!
The wretched star pulses with an eldritch light!
You feel less energetic.
8632 ||| Stepping ~*~*~tactically~*~*~ (stealth).
The raiju barks!
The ancient zyme hits you but does no damage.
The ancient zyme is burned by your cloak of flames.
The ancient zyme is moderately damaged.
The ancient zyme hits you but does no damage.
8634 ||| Stepping ~*~*~tactically~*~*~ (outnumbered).
You barely miss the ancient zyme.
The ancient zyme is moderately damaged.
The ancient zyme hits you but does no damage.
The ancient zyme is burned by your cloak of flames.
The ancient zyme is heavily damaged.
The ancient zyme hits you but does no damage.
The ancient zyme is burned by your cloak of flames.
The ancient zyme is heavily damaged.
You feel ill.
You mangle the ancient zyme!!
You destroy the ancient zyme!
8638 ||| Stepping ~*~*~tactically~*~*~ (outnumbered).
The tentacled starspawn attacks as you move away!
The tentacled starspawn bites you!!
You die...

# ## ## . #X##.
#. # .###.
h..##.#### ..
#.# ..hX......##
..#.
#X.##.#......
###@.#...##..# ~
#..#*..#.#..#
#.#......#.####
#...#......#.###
. .
...#.........##~
...#...#..%....
# ~ #.....
###..##.#...#
####. #
#.#...#.## > .#.
#.. ...#.#. .#


You could see a tentacled starspawn, a wretched star, a large abomination and a
raiju.

Vanquished Creatures
  A tentacled starspawn (Abyss:2)
  4 two-headed ogres
  A large abomination (Abyss:2)
  An ugly thing (D:9)
  A worldbinder (Abyss:2)
  2 apocalypse crabs (Abyss:2)
  An ancient zyme (Abyss:2)
  Prince Ribbit (D:7)
  A wyvern (D:7)
  A spriggan (D:8)
  A yak (D:9)
  Grum (D:8)
  A golden eye (shapeshifter) (Abyss:2)
  A steam dragon (D:7)
  Menkaure (D:7)
  4 water moccasins
  A black bear (D:6)
  3 orc warriors
  An ice beast (D:7)
  A sky beast (D:7)
  2 wolves (D:8)
  5 centaurs
  An ogre (D:5)
  A phantom (D:4)
  A kobold brigand (D:8)
  5 elf zombies (Ossuary)
  3 necrophages
  2 scorpions (D:6)
  A bullfrog (D:6)
  An elf skeleton (D:4)
  4 wights (D:8)
  6 killer bees (D:6)
  A centaur zombie (Ossuary)
  2 human zombies
  2 hounds (D:4)
  2 jellies
  4 orc priests
  A gnoll bouda (D:7)
  A human skeleton (D:4)
  3 iguanas
  9 orc wizards
  2 mummies (Ossuary)
  5 gnolls
  8 adders
  A shadow imp (D:6)
  2 white imps
  An adder zombie (Ossuary)
  2 dart slugs
  26 orcs
  9 endoplasms
  2 giant cockroaches
  6 goblins
  5 hobgoblins
  3 jackals (D:4)
  7 kobolds
  7 quokkas
  2 ball pythons
  5 bats
  3 frilled lizards
  7 hobgoblin zombies (Ossuary)
  A jackal zombie (Ossuary)
  11 kobold zombies (Ossuary)
  2 orc skeletons (D:4)
  8 orc zombies
  7 rats
  2 rat zombies (Ossuary)
  2 starspawn tentacles (Abyss:2)
222 creatures vanquished.

Vanquished Creatures (others)
  An orc (D:7)
1 creature vanquished.

Grand Total: 223 creatures vanquished

Notes
Turn   | Place    | Note
-------+----------+-------------------------------------------
     0 | D:1      | qw the Troll Cinder Acolyte began the quest for the Orb.
     0 | D:1      | Reached XP level 1. HP: 22/22 MP: 1/1
     0 | D:1      | 0 ||| qw: Version: 0.1-a-95-gae9e614
     0 | D:1      | 0 ||| qw: Game counter: 4386
     0 | D:1      | 0 ||| qw: Always use a shield: true
     0 | D:1      | 0 ||| qw: God list: Okawaru
     0 | D:1      | 0 ||| qw: Allow faded altars: false
     0 | D:1      | 0 ||| qw: Do Orc after D:15 true
     0 | D:1      | 0 ||| qw: Do second Lair branch before Depths: true
     0 | D:1      | 0 ||| qw: Lair rune preference: random
     0 | D:1      | 0 ||| qw: Plans: Normal
     0 | D:1      | 0 ||| PLANNING D:1-11
   248 | D:1      | Found a faded altar of an unknown god.
   263 | D:1      | Reached XP level 2. HP: 23/29 MP: 2/2
   354 | D:1      | Found Paisuaq's Weapon Shoppe.
   356 | D:1      | 356 ||| Stepping ~*~*~tactically~*~*~ (stealth).
   358 | D:1      | Reached skill level 4 in Unarmed Combat
   388 | D:1      | Reached XP level 3. HP: 36/36 MP: 3/3
   850 | D:1      | 850 ||| READING 3 scrolls labelled UKHLAE TAJUSOO.
   851 | D:1      | 851 ||| READING 2 scrolls labelled POKLATT GYL HER.
   854 | D:1      | 854 ||| READING scroll labelled SAD CEIBOM.
   855 | D:1      | 855 ||| READING scroll labelled MOFAH BOIGIUSS.
   856 | D:1      | 856 ||| READING 2 scrolls of identify.
   856 | D:1      | 856 ||| IDENTIFYING fuming white potion
   857 | D:1      | 857 ||| DROPPING potion of flight.
   858 | D:1      | 858 ||| READING scroll of teleportation.
   988 | D:2      | Reached XP level 4. HP: 39/44 MP: 4/4
  1054 | D:2      | Reached skill level 5 in Unarmed Combat
  1431 | D:2      | Found a burning altar of Makhleb.
  1478 | D:2      | 1478 ||| Stepping ~*~*~tactically~*~*~ (stealth).
  1510 | D:2      | 1510 ||| DROPPING ring of flight.
  1511 | D:2      | 1511 ||| READING scroll labelled DUESOU HOETAS.
  1512 | D:2      | 1512 ||| DRINKING 2 metallic sapphire potions.
  1602 | D:3      | Found a glowing silver altar of Zin.
  1984 | D:3      | 1984 ||| Stepping ~*~*~tactically~*~*~ (hiding).
  1986 | D:3      | 1986 ||| Stepping ~*~*~tactically~*~*~ (hiding).
  2003 | D:3      | 2003 ||| Stepping ~*~*~tactically~*~*~ (outnumbered).
  2004 | D:3      | 2004 ||| Stepping ~*~*~tactically~*~*~ (outnumbered).
  2005 | D:3      | 2005 ||| Stepping ~*~*~tactically~*~*~ (outnumbered).
  2010 | D:3      | 2010 ||| INVOKING Fiery Armour.
  2060 | D:3      | Reached XP level 5. HP: 50/50 MP: 5/5
  2393 | D:3      | 2393 ||| UPGRADING to ring of resist corrosion.
  2394 | D:3      | 2394 ||| READING scroll labelled UMOMIBOXTE.
  2395 | D:3      | 2395 ||| READING 2 scrolls labelled SEDEDETURAU.
  2396 | D:3      | 2396 ||| DROPPING scroll of vulnerability.
  2408 | D:4      | 2408 ||| PLANNING OSSUARY
  2440 | D:4      | Reached skill level 6 in Unarmed Combat
  2489 | D:4      | 2489 ||| Stepping ~*~*~tactically~*~*~ (hiding).
  2498 | D:4      | 2498 ||| DRINKING potion of curing.
  2498 | D:4      | 2498 ||| (to cure confusion)
  2499 | D:4      | 2499 ||| INVOKING Fiery Armour.
  2553 | D:4      | Reached XP level 6. HP: 58/59 MP: 6/6
  2571 | D:4      | 2571 ||| Stepping ~*~*~tactically~*~*~ (stealth).
  2580 | D:4      | Reached skill level 7 in Unarmed Combat
  2614 | D:4      | 2614 ||| Stepping ~*~*~tactically~*~*~ (stealth).
  2615 | D:4      | 2615 ||| Stepping ~*~*~tactically~*~*~ (stealth).
  2621 | D:4      | Found a burning altar of Makhleb.
  2759 | D:4      | Found a sand-covered staircase.
  2763 | D:4      | 2763 ||| UPGRADING to +0 cloak.
  2768 | D:4      | 2768 ||| UPGRADING to +4 ring of evasion.
  2769 | D:4      | 2769 ||| READING scroll labelled GOFU TAASKI.
  2773 | Ossuary  | Entered an ossuary
  2788 | Ossuary  | 2788 ||| Stepping ~*~*~tactically~*~*~ (outnumbered).
  2790 | Ossuary  | 2790 ||| Stepping ~*~*~tactically~*~*~ (outnumbered).
  2792 | Ossuary  | 2792 ||| Stepping ~*~*~tactically~*~*~ (outnumbered).
  2793 | Ossuary  | 2793 ||| Stepping ~*~*~tactically~*~*~ (outnumbered).
  2794 | Ossuary  | 2794 ||| Stepping ~*~*~tactically~*~*~ (outnumbered).
  2795 | Ossuary  | 2795 ||| Stepping ~*~*~tactically~*~*~ (outnumbered).
  2797 | Ossuary  | 2797 ||| Stepping ~*~*~tactically~*~*~ (outnumbered).
  2798 | Ossuary  | 2798 ||| Stepping ~*~*~tactically~*~*~ (outnumbered).
  2799 | Ossuary  | 2799 ||| Stepping ~*~*~tactically~*~*~ (outnumbered).
  2800 | Ossuary  | 2800 ||| Stepping ~*~*~tactically~*~*~ (outnumbered).
  2802 | Ossuary  | 2802 ||| Stepping ~*~*~tactically~*~*~ (outnumbered).
  2803 | Ossuary  | 2803 ||| Stepping ~*~*~tactically~*~*~ (outnumbered).
  2804 | Ossuary  | 2804 ||| Stepping ~*~*~tactically~*~*~ (outnumbered).
  2805 | Ossuary  | 2805 ||| INVOKING Fiery Armour.
  2806 | Ossuary  | 2806 ||| Stepping ~*~*~tactically~*~*~ (outnumbered).
  2807 | Ossuary  | 2807 ||| Stepping ~*~*~tactically~*~*~ (outnumbered).
  2808 | Ossuary  | 2808 ||| Stepping ~*~*~tactically~*~*~ (outnumbered).
  2835 | Ossuary  | 2835 ||| Stepping ~*~*~tactically~*~*~ (stealth).
  2896 | Ossuary  | 2896 ||| Stepping ~*~*~tactically~*~*~ (stealth).
  2923 | Ossuary  | Reached skill level 8 in Unarmed Combat
  2923 | Ossuary  | Reached XP level 7. HP: 66/66 MP: 7/7
  2969 | Ossuary  | 2969 ||| Stepping ~*~*~tactically~*~*~ (stealth).
  3000 | Ossuary  | 3000 ||| Stepping ~*~*~tactically~*~*~ (stealth).
  3004 | Ossuary  | 3004 ||| Stepping ~*~*~tactically~*~*~ (stealth).
  3006 | Ossuary  | 3006 ||| Stepping ~*~*~tactically~*~*~ (stealth).
  3009 | Ossuary  | Reached skill level 3 in Fighting
  3093 | Ossuary  | 3093 ||| READING scroll labelled ZEKKIGRAODD.
  3094 | Ossuary  | 3094 ||| READING 2 scrolls labelled CAWNYST EPTAPN.
  3126 | Ossuary  | 3126 ||| DRINKING 2 bubbling cyan potions.
  3231 | Ossuary  | 3231 ||| READING 2 scrolls of identify.
  3231 | Ossuary  | 3231 ||| IDENTIFYING grey potion
  3232 | Ossuary  | 3232 ||| DROPPING potion of berserk rage.
  3233 | Ossuary  | 3233 ||| DROPPING scroll of torment.
  3251 | D:4      | 3251 ||| PLANNING D:1-11
  3258 | D:4      | Reached skill level 9 in Unarmed Combat
  3266 | D:4      | Reached skill level 1 in Dodging
  3339 | D:4      | Found a basalt altar of Yredelemnul.
  3515 | D:5      | Entered Level 5 of the Dungeon
  3897 | D:5      | Reached XP level 8. HP: 75/75 MP: 8/8
  4051 | D:5      | 4051 ||| Stepping ~*~*~tactically~*~*~ (hiding).
  4405 | D:5      | Found a staircase to the Ecumenical Temple.
  4707 | D:5      | 4707 ||| DROPPING ring of wizardry.
  4708 | D:5      | 4708 ||| READING scroll labelled PANLIURHESIE.
  4709 | D:5      | 4709 ||| READING scroll labelled HIEROO XEFF.
  4710 | D:5      | 4710 ||| READING 2 scrolls of identify.
  4710 | D:5      | 4710 ||| IDENTIFYING fuming yellow potion
  4748 | D:6      | 4748 ||| Stepping ~*~*~tactically~*~*~ (hiding).
  4763 | D:6      | Reached skill level 10 in Unarmed Combat
  4850 | D:6      | Found Iroudaus's General Store.
  4858 | D:6      | 4858 ||| BUYING potion of curing (36 gold).
  4858 | D:6      | Bought a potion of curing for 36 gold pieces
  4858 | D:6      | 4858 ||| BUYING potion of curing (36 gold).
  4858 | D:6      | Bought a potion of curing for 36 gold pieces
  4862 | D:6      | 4862 ||| Stepping ~*~*~tactically~*~*~ (hiding).
  4877 | D:6      | 4877 ||| Stepping ~*~*~tactically~*~*~ (stealth).
  4965 | D:6      | 4965 ||| INVOKING Fiery Armour.
  4985 | D:6      | Reached skill level 11 in Unarmed Combat
  5106 | D:6      | Found a stormy altar of Qazlal.
  5278 | D:6      | Reached XP level 9. HP: 63/84 MP: 9/9
  5461 | D:6      | Found an ornate altar of the Wu Jian Council.
  5631 | D:6      | 5631 ||| READING scroll labelled RIOTUON ETYSCHO.
  5632 | D:6      | 5632 ||| DRINKING 2 white potions.
  5633 | D:6      | 5633 ||| READING 4 scrolls of identify.
  5633 | D:6      | 5633 ||| IDENTIFYING blue potion
  5634 | D:6      | 5634 ||| READING 3 scrolls of identify.
  5634 | D:6      | 5634 ||| IDENTIFYING ruby potion
  5635 | D:6      | 5635 ||| READING 2 scrolls of identify.
  5635 | D:6      | 5635 ||| IDENTIFYING fizzy orange potion
  5636 | D:6      | 5636 ||| DROPPING potion of magic.
  5637 | D:6      | 5637 ||| DROPPING potion of attraction.
  5638 | D:6      | 5638 ||| DROPPING potion of degeneration.
  5659 | D:7      | Found a shimmering blue altar of Sif Muna.
  5673 | D:7      | 5673 ||| Stepping ~*~*~tactically~*~*~ (stealth).
  5684 | D:7      | 5684 ||| Stepping ~*~*~tactically~*~*~ (stealth).
  5685 | D:7      | 5685 ||| Stepping ~*~*~tactically~*~*~ (stealth).
  5686 | D:7      | 5686 ||| Stepping ~*~*~tactically~*~*~ (stealth).
  5699 | D:7      | 5699 ||| Stepping ~*~*~tactically~*~*~ (outnumbered).
  5700 | D:7      | 5700 ||| Stepping ~*~*~tactically~*~*~ (outnumbered).
  5701 | D:7      | 5701 ||| Stepping ~*~*~tactically~*~*~ (outnumbered).
  5702 | D:7      | 5702 ||| Stepping ~*~*~tactically~*~*~ (outnumbered).
  5711 | D:7      | Reached skill level 12 in Unarmed Combat
  5714 | D:7      | 5714 ||| FLEEEEING.
  5718 | D:7      | 5718 ||| Stepping ~*~*~tactically~*~*~ (stealth).
  5719 | D:7      | 5719 ||| Stepping ~*~*~tactically~*~*~ (stealth).
  5721 | D:7      | 5721 ||| INVOKING Fiery Armour.
  5729 | D:7      | 5729 ||| Stepping ~*~*~tactically~*~*~ (outnumbered).
  5736 | D:7      | 5736 ||| DRINKING 3 potions of curing.
  5736 | D:7      | 5736 ||| (to cure confusion)
  5740 | D:7      | 5740 ||| FLEEEEING.
  5741 | D:7      | 5741 ||| FLEEEEING.
  5742 | D:7      | 5742 ||| FLEEEEING.
  5743 | D:7      | 5743 ||| FLEEEEING.
  5744 | D:7      | 5744 ||| FLEEEEING.
  5747 | D:7      | 5747 ||| Stepping ~*~*~tactically~*~*~ (outnumbered).
  5779 | D:7      | Found a hide-covered altar of Uskayaw.
  5826 | D:7      | Noticed Prince Ribbit
  5828 | D:7      | Killed Prince Ribbit
  5828 | D:7      | Noticed Menkaure
  5829 | D:7      | 5829 ||| Stepping ~*~*~tactically~*~*~ (hiding).
  5840 | D:7      | Killed Menkaure
  6101 | D:7      | 6101 ||| Stepping ~*~*~tactically~*~*~ (outnumbered).
  6103 | D:7      | 6103 ||| Stepping ~*~*~tactically~*~*~ (outnumbered).
  6109 | D:7      | 6109 ||| Stepping ~*~*~tactically~*~*~ (outnumbered).
  6110 | D:7      | 6110 ||| Stepping ~*~*~tactically~*~*~ (hiding).
  6114 | D:7      | 6114 ||| INVOKING Fiery Armour.
  6145 | D:7      | 6145 ||| FLEEEEING.
  6146 | D:7      | 6146 ||| FLEEEEING.
  6262 | D:7      | 6262 ||| Stepping ~*~*~tactically~*~*~ (hiding).
  6269 | D:7      | 6269 ||| DRINKING 2 potions of curing.
  6269 | D:7      | 6269 ||| (to cure confusion)
  6378 | D:7      | 6378 ||| UPGRADING to +0 steam dragon scales.
  6388 | D:7      | 6388 ||| DROPPING +0 robe.
  6389 | D:7      | 6389 ||| DRINKING 2 emerald potions.
  6434 | D:7      | 6434 ||| READING 5 scrolls of identify.
  6434 | D:7      | 6434 ||| IDENTIFYING viscous cyan potion
  6435 | D:7      | 6435 ||| READING 4 scrolls of identify.
  6435 | D:7      | 6435 ||| IDENTIFYING fuming inky potion
  6436 | D:7      | 6436 ||| DROPPING potion of lignification.
  6437 | D:7      | 6437 ||| DROPPING potion of brilliance.
  6596 | D:8      | 6596 ||| Stepping ~*~*~tactically~*~*~ (stealth).
  6597 | D:8      | Noticed Grum
  6598 | D:8      | 6598 ||| INVOKING Fiery Armour.
  6602 | D:8      | Reached skill level 1 in Armour
  6614 | D:8      | Killed Grum
  6615 | D:8      | Reached skill level 13 in Unarmed Combat
  6615 | D:8      | Reached XP level 10. HP: 86/96 MP: 10/10
  6626 | D:8      | Found a runed translucent door.
  6684 | D:8      | 6684 ||| Stepping ~*~*~tactically~*~*~ (hiding).
  6729 | D:8      | 6729 ||| Stepping ~*~*~tactically~*~*~ (outnumbered).
  6730 | D:8      | 6730 ||| Stepping ~*~*~tactically~*~*~ (outnumbered).
  6731 | D:8      | 6731 ||| Stepping ~*~*~tactically~*~*~ (outnumbered).
  6821 | D:8      | Noticed qw's ghost (novice TeWr)
  6825 | D:8      | 6825 ||| Stepping ~*~*~tactically~*~*~ (stealth).
  6827 | D:8      | 6827 ||| Stepping ~*~*~tactically~*~*~ (stealth).
  7101 | D:8      | 7101 ||| Stepping ~*~*~tactically~*~*~ (outnumbered).
  7179 | D:8      | Noticed a two-headed ogre
  7191 | D:8      | Killed a two-headed ogre
  7443 | D:8      | Noticed a two-headed ogre
  7443 | D:8      | Noticed a two-headed ogre
  7444 | D:8      | 7444 ||| INVOKING Fiery Armour.
  7456 | D:8      | Killed a two-headed ogre
  7457 | D:8      | Reached skill level 14 in Unarmed Combat
  7461 | D:8      | 7461 ||| FLEEEEING.
  7462 | D:8      | 7462 ||| FLEEEEING.
  7463 | D:8      | 7463 ||| FLEEEEING.
  7464 | D:8      | 7464 ||| FLEEEEING.
  7465 | D:8      | 7465 ||| FLEEEEING.
  7466 | D:8      | 7466 ||| FLEEEEING.
  7467 | D:8      | 7467 ||| FLEEEEING.
  7468 | D:8      | 7468 ||| FLEEEEING.
  7469 | D:8      | 7469 ||| FLEEEEING.
  7470 | D:8      | 7470 ||| FLEEEEING.
  7471 | D:8      | 7471 ||| FLEEEEING.
  7472 | D:8      | 7472 ||| FLEEEEING.
  7473 | D:8      | 7473 ||| FLEEEEING.
  7474 | D:8      | 7474 ||| FLEEEEING.
  7476 | D:8      | 7476 ||| FLEEEEING.
  7477 | D:8      | 7477 ||| FLEEEEING.
  7478 | D:8      | 7478 ||| FLEEEEING.
  7479 | D:8      | 7479 ||| FLEEEEING.
  7480 | D:8      | 7480 ||| FLEEEEING.
  7481 | D:8      | 7481 ||| FLEEEEING.
  7482 | D:8      | 7482 ||| FLEEEEING.
  7483 | D:8      | 7483 ||| FLEEEEING.
  7484 | D:8      | 7484 ||| FLEEEEING.
  7485 | D:8      | 7485 ||| FLEEEEING.
  7486 | D:8      | 7486 ||| FLEEEEING.
  7487 | D:8      | 7487 ||| FLEEEEING.
  7488 | D:8      | 7488 ||| FLEEEEING.
  7489 | D:8      | 7489 ||| FLEEEEING.
  7490 | D:8      | 7490 ||| FLEEEEING.
  7491 | D:8      | 7491 ||| FLEEEEING.
  7492 | D:8      | 7492 ||| FLEEEEING.
  7493 | D:8      | 7493 ||| FLEEEEING.
  7494 | D:8      | 7494 ||| FLEEEEING.
  7495 | D:8      | 7495 ||| FLEEEEING.
  7496 | D:8      | 7496 ||| FLEEEEING.
  7497 | D:8      | 7497 ||| FLEEEEING.
  7498 | D:8      | 7498 ||| FLEEEEING.
  7499 | D:8      | 7499 ||| FLEEEEING.
  7500 | D:8      | 7500 ||| FLEEEEING.
  7501 | D:8      | 7501 ||| FLEEEEING.
  7502 | D:8      | 7502 ||| FLEEEEING.
  7503 | D:8      | 7503 ||| FLEEEEING.
  7504 | D:8      | 7504 ||| FLEEEEING.
  7505 | D:8      | 7505 ||| FLEEEEING.
  7506 | D:8      | 7506 ||| FLEEEEING.
  7507 | D:8      | 7507 ||| STAIRDANCE
  7530 | D:8      | Killed a two-headed ogre
  7531 | D:8      | Reached skill level 6 in Fighting
  7531 | D:8      | 7531 ||| STAIRDANCE
  7641 | D:8      | Found the +12 pair of quick blades "Gyre" and "Gimble"
                  | {protect}
  7758 | D:8      | 7758 ||| READING 4 scrolls of teleportation.
  7790 | D:9      | 7790 ||| Stepping ~*~*~tactically~*~*~ (hiding).
  7815 | D:9      | 7815 ||| READING 2 scrolls of enchant armour.
  7815 | D:9      | 7815 ||| ENCHANTING +0 steam dragon scales.
  7816 | D:9      | 7816 ||| READING scroll of enchant armour.
  7816 | D:9      | 7816 ||| ENCHANTING +1 steam dragon scales.
  7950 | D:9      | Noticed a red ugly thing
  7959 | D:9      | Killed a red ugly thing
  7978 | D:9      | Noticed a two-headed ogre
  7979 | D:9      | 7979 ||| FLEEEEING.
  7988 | D:9      | Killed a two-headed ogre
  8081 | D:9      | 8081 ||| Stepping ~*~*~tactically~*~*~ (hiding).
  8083 | D:9      | 8083 ||| DRINKING potion of curing.
  8083 | D:9      | 8083 ||| (to cure confusion)
  8133 | D:9      | 8133 ||| Stepping ~*~*~tactically~*~*~ (hiding).
  8134 | D:9      | 8134 ||| Stepping ~*~*~tactically~*~*~ (hiding).
  8144 | D:9      | Reached skill level 15 in Unarmed Combat
  8145 | D:9      | 8145 ||| Stepping ~*~*~tactically~*~*~ (outnumbered).
  8328 | D:9      | Found a staircase to the Orcish Mines.
  8380 | D:9      | Noticed Psyche
  8396 | Abyss:2  | Cast into level 2 of the Abyss (Psyche)
  8438 | Abyss:2  | 8438 ||| Stepping ~*~*~tactically~*~*~ (stealth).
  8443 | Abyss:2  | Noticed a worldbinder
  8444 | Abyss:2  | Reached XP level 11. HP: 105/105 MP: 11/11
  8444 | Abyss:2  | 8444 ||| Stepping ~*~*~tactically~*~*~ (stealth).
  8449 | Abyss:2  | 8449 ||| Stepping ~*~*~tactically~*~*~ (stealth).
  8452 | Abyss:2  | Noticed a deep elf zephyrmancer
  8453 | Abyss:2  | Noticed a deep elf zephyrmancer
  8454 | Abyss:2  | 8454 ||| Stepping ~*~*~tactically~*~*~ (outnumbered).
  8459 | Abyss:2  | Noticed a deep elf zephyrmancer
  8465 | Abyss:2  | Noticed a deep elf pyromancer
  8531 | Abyss:2  | 8531 ||| Stepping randomly (cloudy).
  8532 | Abyss:2  | 8532 ||| Stepping ~*~*~tactically~*~*~ (cloud).
  8532 | Abyss:2  | Noticed a tentacled starspawn
  8541 | Abyss:2  | 8541 ||| Stepping ~*~*~tactically~*~*~ (outnumbered).
  8542 | Abyss:2  | 8542 ||| Stepping ~*~*~tactically~*~*~ (outnumbered).
  8544 | Abyss:2  | 8544 ||| INVOKING Fiery Armour.
  8546 | Abyss:2  | Killed a tentacled starspawn
  8607 | Abyss:2  | Noticed a large abomination
  8608 | Abyss:2  | 8608 ||| Stepping ~*~*~tactically~*~*~ (stealth).
  8610 | Abyss:2  | 8610 ||| Stepping ~*~*~tactically~*~*~ (stealth).
  8611 | Abyss:2  | 8611 ||| Stepping ~*~*~tactically~*~*~ (stealth).
  8613 | Abyss:2  | Noticed a wretched star
  8614 | Abyss:2  | 8614 ||| Stepping ~*~*~tactically~*~*~ (hiding).
  8615 | Abyss:2  | 8615 ||| Stepping ~*~*~tactically~*~*~ (hiding).
  8617 | Abyss:2  | 8617 ||| Stepping ~*~*~tactically~*~*~ (hiding).
  8619 | Abyss:2  | 8619 ||| Stepping ~*~*~tactically~*~*~ (outnumbered).
  8620 | Abyss:2  | 8620 ||| Stepping ~*~*~tactically~*~*~ (hiding).
  8621 | Abyss:2  | 8621 ||| Stepping ~*~*~tactically~*~*~ (outnumbered).
  8622 | Abyss:2  | 8622 ||| Stepping ~*~*~tactically~*~*~ (outnumbered).
  8623 | Abyss:2  | 8623 ||| Stepping ~*~*~tactically~*~*~ (outnumbered).
  8624 | Abyss:2  | 8624 ||| Stepping ~*~*~tactically~*~*~ (outnumbered).
  8625 | Abyss:2  | Killed a large abomination
  8626 | Abyss:2  | Reached skill level 16 in Unarmed Combat
  8627 | Abyss:2  | HP: 14/105 [wretched star/lance of force (15)]
  8628 | Abyss:2  | 8628 ||| Stepping ~*~*~tactically~*~*~ (hiding).
  8629 | Abyss:2  | Noticed a tentacled starspawn
  8630 | Abyss:2  | Noticed a large abomination
  8630 | Abyss:2  | 8630 ||| Stepping ~*~*~tactically~*~*~ (stealth).
  8631 | Abyss:2  | 8631 ||| READING 5 scrolls of teleportation.
  8632 | Abyss:2  | 8632 ||| Stepping ~*~*~tactically~*~*~ (stealth).
  8634 | Abyss:2  | 8634 ||| Stepping ~*~*~tactically~*~*~ (outnumbered).
  8638 | Abyss:2  | 8638 ||| Stepping ~*~*~tactically~*~*~ (outnumbered).
  8638 | Abyss:2  | Mangled by a tentacled starspawn

Levels and vault maps discovered:
D:1:      heliophobic_arrival_ceremonial_halls, layout_basic,
          ebering_ecumenical_altar_rust, serial_shops, shop_statue,
          chequers_serial_rivers_micro_a
D:2:      layout_loops_ring, basic_altar
D:3:      layout_loops_corners, mainiacjoe_overflow_cross_hatched
D:4:      layout_rooms, amcnicky_altar_gilded, makhleb_heckhound_becter,
          nicolae_ossuary_entry_catacombs
D:5:      layout_layer_cave, minmay_temple_entry_fiery,
          minmay_stone_trees_medium, minmay_misc_feat_secret_circle
D:6:      layout_loops_ring, nicolae_wu_jian_wuxing_cycle, grunt_qazlal_clouds,
          serial_shops, nicolae_shop_waterfront
D:7:      layout_basic, old_standard_altar, eat_drink_and_be_merry_uskayaw,
          uniq_menkaure, uniq_prince_ribbit1
D:8:      layout_layer_cave, hellmonk_ghost_happy_afterlife,
          hellmonk_guarded_unrand_gyre_and_gimble, uniq_grum
D:9:      minmay_polygon_palace, layout_basic, uniq_psyche
Abyss:2:  base: Temple, hangedman_abyss_shoalhut

Skill      XL: |  1  2  3  4  5  6  7  8  9 10 11 |
---------------+----------------------------------+-----
Unarmed Combat | 4 5 6 8 9 11 13 15 16 | 16.0
Fighting       | 3 4 5 6 |  6.4
Dodging        | 1 |  1.1
Throwing       | 2 |  2.1
Armour         | 1 2 |  2.0
Spellcasting   | |  1.0
Fire Magic     | |  2.1

Action                   |  1- 3 |  4- 6 |  7- 9 | 10-12 || total
-------------------------+-------+-------+-------+-------++-------
Melee: Unarmed           |    63 |   178 |   254 |   126 ||   621
       Punch             |     1 |     4 |    15 |     6 ||    26
Throw: Boomerang         |    25 |    67 |     5 |    23 ||   120
Invok: Fiery Armour      |       |     3 |     4 |     2 ||     9
  Use: Scroll            |     6 |     4 |    12 |     4 ||    26
       Potion            |       |     2 |     5 |     1 ||     8
Armor: Robe              |    16 |    68 |    59 |       ||   143
       Steam dragon scal |       |       |     9 |    43 ||    52
Dodge: Dodged            |    22 |    72 |   157 |    61 ||   312

Table legend:
 A = Non-vault XP
 B = Vault XP
 C = Vault XP percentage of total XP
 D = Non-vault monster count
 E = Vault monster count
 F = Vault count percentage of total count
                 A         B        C        D         E       F
            +---------+---------+-------+---------+---------+-------
      Total |   11107 |    3929 |  26.1 |     163 |      56 |  25.6
            +---------+---------+-------+---------+---------+-------
        D:1 |      55 |       0 |   0.0 |      18 |       0 |   0.0
        D:2 |      60 |       0 |   0.0 |      16 |       0 |   0.0
        D:3 |      97 |       0 |   0.0 |      20 |       0 |   0.0
        D:4 |     366 |     207 |  36.1 |      20 |       7 |  25.9
        D:5 |     276 |       0 |   0.0 |       5 |       0 |   0.0
        D:6 |    1440 |       0 |   0.0 |      18 |       0 |   0.0
        D:7 |    1483 |     431 |  22.5 |      31 |       2 |   6.1
        D:8 |    1347 |    2311 |  63.2 |      15 |       6 |  28.6
        D:9 |    1911 |     349 |  15.4 |      12 |       3 |  20.0
    Abyss:2 |    4072 |       0 |   0.0 |       8 |       0 |   0.0
    Ossuary |       0 |     631 | 100.0 |       0 |      38 | 100.0
            +---------+---------+-------+---------+---------+-------
